 Dungeon Crawl Stone Soup version 0.29.1-2-gbd0b4ee654 (webtiles) character file.

Game seed: 8624347965513621927

9084 LustLizard the Skirmisher (level 11, -7/90 HPs)
             Began as a Barachi Hunter on Nov 9, 2022.
             Was a Priest of Cheibriados.
             Mangled by a manticore (10 damage)
             ... on level 11 of the Dungeon.
             The game lasted 00:27:43 (14363 turns).

LustLizard the Skirmisher (Barachi Hunter)         Turns: 14363, Time: 00:27:44

Health: -7/90      AC:  6    Str: 21    XL:     11   Next: 41%
Magic:  6/14       EV: 16    Int: 16    God:    Cheibriados [***...]
Gold:   683        SH:  5    Dex: 26    Spells: 5/10 levels left

rFire   . . .      SeeInvis +   a - +0 shortbow (freeze)
rCold   . . .      Faith    .   (shield currently unavailable)
rNeg    . . .      Spirit   .   g - +1 ring mail {rPois}
rPois   +          Reflect  +   (no helmet)
rElec   .          Harm     .   I - scarf {repulsion}
rCorr   .          Rampage  .   (no gloves)
Will    +....                   (no boots)
Stlth   +++.......              y - amulet of reflection
HPRegen 0.25/turn               f - ring of see invisible
MPRegen 0.14/turn               h - ring of willpower

@: slowed, repel missiles, very slow
A: amphibious, slowness 1, strong legs 1, +LOS
a: Hop, Renounce Religion, Bend Time, Temporal Distortion


You were on level 11 of the Dungeon.
You worshipped Cheibriados.
Cheibriados was most pleased with you.
You visited 2 branches of the dungeon, and saw 12 of its levels.
You also visited: Gauntlet.

You collected 683 gold pieces.

Inventory:

Hand Weapons
 a - a +0 shortbow of freezing (weapon)
Missiles
 k - 12 poisoned darts
 w - 2 throwing nets
Armour
 c - a +0 leather armour
 g - a +1 ring mail of poison resistance (worn)
 I - a scarf of repulsion (worn)
Jewellery
 f - a ring of see invisible (left hand)
 h - a ring of willpower (right hand)
 t - an amulet of magic regeneration
 y - an amulet of reflection (around neck)
 z - a ring of resist corrosion
Wands
 e - a wand of mindburst (22)
 B - a wand of paralysis (5)
 E - a wand of iceblast (8)
 H - a wand of polymorph (8)
Scrolls
 b - 3 scrolls of immolation
 d - a scroll of enchant weapon
 j - a scroll of magic mapping
 n - 2 scrolls of vulnerability
 s - 2 scrolls of brand weapon
 C - 3 scrolls of silence
 D - 2 scrolls of noise
 G - a scroll of poison
Potions
 i - 2 potions of berserk rage
 m - 3 potions of attraction
 o - 2 potions of heal wounds
 q - 3 potions of haste
 r - 7 potions of curing
 u - 2 potions of mutation
 v - a potion of degeneration
 x - a potion of brilliance
 A - a potion of magic
 F - 2 potions of lignification
 J - 2 potions of might
 K - a potion of resistance {unknown}
 L - 2 potions of flight {unknown}


   Skills:
 + Level 10.1 Fighting
 * Level 12.4 Ranged Weapons
 - Level 6.0 Dodging
 - Level 4.0 Stealth
 * Level 0.9 Conjurations
 * Level 0.9 Air Magic
 * Level 4.2 Invocations
 - Level 6.0 Evocations


You had 5 spell levels left.
You knew the following spells:

 Your Spells              Type           Power      Damage    Failure   Level
a - Lightning Bolt        Conj/Air       1%         1d12      100%        5

Your spell library contained the following spells:

 Spells                   Type           Power      Damage    Failure   Level
 Apportation              Tloc           0%         N/A       38%         1
 Freeze                   Ice            0%         1d3       38%         1
 Necrotise                Necr           0%         1d4       38%         1
 Summon Small Mammal      Summ           0%         N/A       38%         1
 Static Discharge         Conj/Air       2%         3-4/arc   41%         2
 Confusing Touch          Hex            0%         N/A       77%         3
 Frozen Ramparts          Ice            0%         1d1       77%         3
 Hailstorm                Conj/Ice       1%         3d3       98%         4
 Ice Form                 Ice/Tmut       0%         N/A       99%         4
 Summon Ice Beast         Ice/Summ       0%         N/A       99%         4
 Alistair's Intoxication  Tmut/Pois      0%         N/A       100%        5
 Yara's Violent Unravell  Hex/Tmut       0%         3d3       100%        5
 Enfeeble                 Hex            0%         N/A       100%        7
 Maxwell's Capacitive Co  Air            1%         ∞         100%        8


Dungeon Overview and Level Annotations

Branches:
Dungeon (11/15)            Temple (1/1) D:7            Lair (0/5) D:11
    Orc (0/2) D:11        Gauntlet (visited)

Altars:
Ashenzari
Cheibriados
Dithmenos
Elyvilon
Fedhas
Gozag
Hepliaklqana
Kikubaaqudgha
Makhleb
Nemelex Xobeh
Okawaru
Qazlal
Ru
Sif Muna
Trog
Uskayaw
Vehumet
Wu Jian
Xom
Yredelemnul
Zin
The Shining One

Shops:
D:6 (

Annotations:
D:9 3 runed translucent doors, Ekaitz's ghost, novice DEEE
D:10 exclusion: two-headed ogre
Temple 2 transporters


Innate Abilities, Weirdness & Mutations

You are amphibious.
You cover ground slowly.
You can hop short distances.
You have an extended range of vision and can be seen from far away.


Message History

Press: ? - help, Q - select action, (/) - cycle Shift-Dir - straight line, f/p - manticore
Aim: a manticore (heavily wounded, 81% to hit)
You shoot an arrow.
The arrow hits the manticore but does no damage.
The manticore is heavily wounded.
You are ready to hop once more.
The manticore closely misses you. The manticore misses you.
The manticore barely misses you. The hound barely misses you.
The hound bites you but does no damage.
The hound stops to sniff the ground.
The manticore bites you! You block the manticore's attack.
The manticore claws you but does no damage.
The wraith hits you but does no damage. The hound misses you.
Unknown command.
Fire: a) +0 shortbow (freeze)
Press: ? - help, Q - select action, (/) - cycle Shift-Dir - straight line, f/p - manticore
Aim: a manticore (heavily wounded, 81% to hit)
You shoot an arrow.
The arrow hits the manticore but does no damage.
The manticore is heavily wounded.
You block the hound's attack. The hound bites you.
The manticore completely misses you. You block the manticore's attack.
The manticore misses you. The hound barely misses you. The wraith hits you.
* * * LOW HITPOINT WARNING * * *
The hound completely misses you.
Fire: a) +0 shortbow (freeze)
Press: ? - help, Q - select action, (/) - cycle Shift-Dir - straight line, f/p - manticore
Aim: a manticore (heavily wounded, 81% to hit)
You shoot an arrow. The arrow closely misses the manticore.
The arrow barely misses the hound.
The manticore bites you!
* * * LOW HITPOINT WARNING * * *
The manticore claws you.
* * * LOW HITPOINT WARNING * * *
The manticore misses you. You block the hound's attack.
The hound closely misses you. The wraith completely misses you.
You block the manticore's attack. The manticore claws you!
* * * LOW HITPOINT WARNING * * *
The manticore claws you!
You die...

#.~~.~≈h~.h.l~~~~~~~~,,* *,,*
....~~~~.h≈hhh.≈≈≈~~~,,* *,,*
#....≈≈≈≈≈≈≈≈~~≈≈W~~,,,****,,****
...~~~≈≈≈≈≈≈hH≈~.~~,,,,,,,,,,,,,,
......~≈≈§≈T~≈~≈..~~,,,,,,,,,,,,,
#......~≈≈≈~≈~..~.,,,,,****,*****
#......~≈~≈~~.....,,,,,* *,*
########...#########..###**,*****
########......hH@h.......,,,,,,,,
..........)....Wh......$.,,,,,.[.
........†................,,,,,...
****####..###############*****#.#
#..# #.# #..# #.# #..# #.#
########>.# #.#
..........#####################.#


You could see a manticore, a wraith (slow) and 3 hounds.

Vanquished Creatures
  A boulder beetle (D:11)
  Psyche (D:9)
  2 unseen horrors
  A troll (D:9)
  Sigmund (D:4)
  A shadow (D:9)
  2 wyverns (D:9)
  Eustachio (D:4)
  6 yaks (D:10)
  A steam dragon (D:7)
  4 vampire mosquitoes
  An acid dragon (D:11)
  A water moccasin (D:9)
  2 ice beasts
  6 orc warriors
  2 sky beasts
  A black bear (D:6)
  An ogre (D:4)
  3 centaurs
  A kobold brigand (D:8)
  5 bullfrogs
  A gnoll sergeant (D:8)
  A necrophage (D:5)
  2 scorpions
  14 wights
  16 killer bees
  3 howler monkeys
  3 electric eels (D:10)
  4 hounds
  A jelly (D:6)
  9 orc priests
  2 gnoll boudas (D:4)
  3 iguanas
  16 orc wizards
  24 gnolls
  5 adders
  A shadow imp (D:7)
  An ufetubus (D:5)
  3 worms
  3 dart slugs
  55 orcs
  4 endoplasms
  6 giant cockroaches
  6 goblins
  3 hobgoblins
  24 jackals
  11 kobolds
  A quokka (D:4)
  4 ball pythons
  3 bats
  3 frilled lizards
  7 rats (D:1)
283 creatures vanquished.

Vanquished Creatures (others)
  Blork the orc (D:4)
  An orc priest (D:3)
  A kobold (D:8)
  2 plants (D:4)
5 creatures vanquished.

Grand Total: 288 creatures vanquished

Notes
Turn   | Place    | Note
-------+----------+-------------------------------------------
     0 | D:1      | LustLizard the Barachi Hunter began the quest for the Orb.
     0 | D:1      | Reached XP level 1. HP: 17/17 MP: 1/1
    57 | D:1      | Reached skill level 1 in Stealth
    82 | D:1      | Reached XP level 2. HP: 23/23 MP: 2/2
   262 | D:1      | Found a faded altar of an unknown god.
   597 | D:1      | Reached XP level 3. HP: 28/28 MP: 3/3
  1311 | D:2      | Reached XP level 4. HP: 35/35 MP: 4/4
  1602 | D:3      | Found a sacrificial altar of Ru.
  2152 | D:4      | Noticed Eustachio
  2152 | D:4      | Noticed Blork the orc
  2184 | D:3      | Reached skill level 5 in Ranged Weapons
  2307 | D:4      | Reached XP level 5. HP: 37/41 MP: 5/5
  2591 | D:4      | Reached XP level 6. HP: 45/48 MP: 6/6
  2639 | D:4      | Noticed Sigmund
  2770 | D:4      | Reached skill level 6 in Ranged Weapons
  2822 | D:4      | Reached XP level 7. HP: 55/55 MP: 7/7
  3088 | D:4      | Killed Sigmund
  3790 | D:3      | Reached skill level 5 in Fighting
  4087 | D:4      | Found a blossoming altar of Fedhas.
  4111 | D:4      | Reached XP level 8. HP: 60/61 MP: 8/8
  4528 | D:4      | Killed Eustachio
  4529 | D:4      | Reached skill level 7 in Ranged Weapons
  4529 | D:4      | Reached skill level 5 in Dodging
  4552 | D:4      | Killed Blork the orc
  4878 | D:5      | Entered Level 5 of the Dungeon
  6117 | D:6      | Reached skill level 8 in Ranged Weapons
  6117 | D:6      | Reached skill level 1 in Evocations
  6535 | D:6      | Reached XP level 9. HP: 32/69 MP: 9/9
  6834 | D:6      | Found Rixzefri's Weapon Boutique.
  7198 | D:6      | Found a bloodstained altar of Trog.
  7596 | D:7      | Found a staircase to the Ecumenical Temple.
  7624 | Temple   | Entered the Ecumenical Temple
  7624 | Temple   | Found a transporter.
  7624 | Temple   | Found a transporter.
  7625 | Temple   | Found a transporter.
  7625 | Temple   | Found a transporter.
  7639 | Temple   | Became a worshipper of Cheibriados the Contemplative
  7675 | D:7      | Reached skill level 9 in Ranged Weapons
  7878 | D:7      | Reached skill level 5 in Evocations
  8230 | D:7      | Found an ornate altar of the Wu Jian Council.
  8771 | D:7      | Reached XP level 10. HP: 73/79 MP: 10/10
  9259 | D:8      | Reached * piety under Cheibriados
  9260 | D:8      | Reached skill level 10 in Ranged Weapons
 10569 | D:8      | Found a shimmering altar of Xom.
 10764 | D:9      | Noticed a deep elf pyromancer
 10764 | D:9      | Found a runed translucent gate.
 10764 | D:9      | Found a runed translucent gate.
 10764 | D:9      | Found a runed translucent gate.
 10765 | D:9      | Noticed Ekaitz's ghost (novice DEEE)
 10772 | D:9      | Noticed a cyclops
 11196 | D:9      | Reached ** piety under Cheibriados
 11356 | D:9      | Reached skill level 11 in Ranged Weapons
 11408 | D:9      | Noticed Psyche
 11424 | D:9      | Killed Psyche
 11863 | D:10     | Entered Level 10 of the Dungeon
 11886 | D:10     | Noticed a two-headed ogre
 12372 | D:10     | Identified the +7 spear of Rarom {spect, rPois rC++ rN+
                  | Str-3}
 12388 | D:10     | Noticed an unseen horror
 12397 | D:10     | Killed an unseen horror
 12398 | D:10     | Reached skill level 1 in Invocations
 12674 | D:10     | Reached XP level 11. HP: 72/90 MP: 12/12
 12676 | D:10     | Reached skill level 12 in Ranged Weapons
 12807 | D:10     | Reached *** piety under Cheibriados
 13526 | D:11     | Found a gate leading to a gauntlet.
 13558 | D:11     | Reached skill level 10 in Fighting
 13685 | Gauntlet | Entered a Gauntlet
 13685 | Gauntlet | Found a transporter.
 13685 | Gauntlet | Found a transporter.
 13789 | Gauntlet | Found a transporter.
 13792 | Gauntlet | Noticed a shining eye
 13803 | Gauntlet | Found a transporter.
 13803 | Gauntlet | Found a transporter.
 13805 | Gauntlet | Found a large runed translucent door.
 13806 | Gauntlet | Found a large runed translucent door.
 13807 | Gauntlet | Found a large runed translucent door.
 13807 | Gauntlet | Found a large runed translucent door.
 13807 | Gauntlet | Found a runed translucent door.
 13808 | Gauntlet | Found a large runed translucent door.
 13810 | Gauntlet | Noticed a shining eye
 13818 | Gauntlet | Found a transporter.
 13830 | Gauntlet | Found a transporter.
 13832 | Gauntlet | Found a large runed translucent door.
 13833 | Gauntlet | Found a large runed translucent door.
 13835 | Gauntlet | Found a runed translucent gate.
 13836 | Gauntlet | Found a transporter.
 13836 | Gauntlet | Noticed a manticore
 13851 | Gauntlet | Noticed a large abomination
 13898 | Gauntlet | Noticed a satyr
 13906 | Gauntlet | Found a transporter.
 13912 | Gauntlet | Noticed an entropy weaver
 13912 | Gauntlet | a satyr changed into an entropy weaver
 13921 | Gauntlet | Found a transporter.
 13921 | Gauntlet | Found a transporter.
 13938 | Gauntlet | Found a transporter.
 13949 | Gauntlet | Found a transporter.
 13951 | Gauntlet | Noticed a sixfirhy
 13951 | Gauntlet | Noticed a sixfirhy
 13952 | Gauntlet | Noticed a sixfirhy
 13954 | Gauntlet | Noticed a sixfirhy
 13955 | Gauntlet | Found a transporter.
 13995 | Gauntlet | Noticed a spark wasp
 14019 | Gauntlet | Noticed a fire dragon
 14019 | Gauntlet | a spark wasp changed into a fire dragon
 14022 | Gauntlet | Noticed a goliath frog
 14022 | Gauntlet | a fire dragon changed into a goliath frog
 14024 | Gauntlet | Found a large runed translucent door.
 14025 | Gauntlet | Found a large runed translucent door.
 14026 | Gauntlet | Found a large runed translucent door.
 14026 | Gauntlet | Found a large runed translucent door.
 14026 | Gauntlet | Found a runed translucent door.
 14027 | Gauntlet | Found a large runed translucent door.
 14028 | Gauntlet | Found a large runed translucent door.
 14029 | Gauntlet | Found a large runed translucent door.
 14029 | Gauntlet | Found a large runed translucent door.
 14030 | Gauntlet | Found a runed translucent gate.
 14030 | Gauntlet | Found a runed translucent gate.
 14036 | Gauntlet | Noticed a radroach
 14036 | Gauntlet | Noticed a death drake
 14037 | Gauntlet | a death drake changed into a floating eye
 14042 | Gauntlet | Found a transporter.
 14042 | Gauntlet | Found a transporter.
 14046 | Gauntlet | Noticed an ice dragon
 14046 | Gauntlet | a radroach changed into an ice dragon
 14054 | Gauntlet | Found a large runed translucent door.
 14055 | Gauntlet | Noticed a deep troll
 14058 | Gauntlet | Noticed a faun
 14058 | Gauntlet | a deep troll changed into a faun
 14061 | Gauntlet | an ice dragon changed into a slime creature
 14075 | Gauntlet | Noticed an alligator snapping turtle
 14188 | D:11     | Noticed a boulder beetle
 14205 | D:11     | Killed a boulder beetle
 14249 | D:11     | Learned a level 5 spell: Lightning Bolt
 14329 | D:11     | Reached **** piety under Cheibriados
 14331 | D:11     | Noticed a manticore
 14334 | D:11     | Found a staircase to the Lair.
 14346 | D:11     | HP: 2/90 [manticore/volley of spikes (21)]
 14363 | D:11     | HP: 3/90 [manticore (7)]
 14363 | D:11     | Mangled by a manticore

Illustrated notes

Levels and vault maps discovered:
D:1:      tarquinn_simple_flora_water_f, layout_loops_corners,
          hellmonk_ecumenical_altar_heavens_door, minmay_ruptured
D:2:      layout_rooms
D:3:      layout_loops_cross, mainiacjoe_overflow_cross_hatched, minmay_unequal
D:4:      lemuel_castle_with_subvaults [lemuel_castle_interior_carwin_3],
          layout_rooms, old_standard_altar, chequers_serial_rivers_micro_b,
          chequers_serial_rivers_small_3, chequers_serial_rivers_small_a,
          uniq_blork_the_orc, uniq_sigmund, uniq_eustachio
D:5:      kennysheep_six_static_rooms, layout_loops_ring
D:6:      cheibrodos_iron_armory, layout_basic, bloody_trog, serial_shops,
          nicolae_diamond_shop
D:7:      layout_basic, nzn_wu_jian_contemplation,
          minmay_temple_entry_mini_moons, serial_rivers,
          chequers_serial_rivers_micro_d, chequers_serial_rivers_small_3,
          chequers_serial_rivers_small_a, chequers_serial_rivers_room_a,
          chequers_serial_rivers_micro_b, chequers_serial_rivers_small_3
D:8:      layout_loops_ring, mainiacjoe_overflow_paths
D:9:      layout_roguey, gammafunk_ghost_split, uniq_psyche
D:10:     layout_basic, nicolae_twisting_strands
D:11:     layout_long_grid, erik_lair_island, orc_0_dummy,
          gauntlet_entry_generic, uniq_gastronok
Temple:   hellmonk_temple_divided_pantheon

Skill      XL: |  1  2  3  4  5  6  7  8  9 10 11 |
---------------+----------------------------------+-----
Stealth        | 1 2 3 4 |  4.0
Fighting       | 3 4 5 6 7 9 10 | 10.1
Ranged Weapons | 5 6 8 9 11 12 | 12.4
Dodging        | 3 4 5 6 |  6.0
Evocations     | 2 6 |  6.0
Invocations    | 2 4 |  4.2
Conjurations   | |  0.9
Air Magic      | |  0.9

Action                   |  1- 3 |  4- 6 |  7- 9 | 10-12 || total
-------------------------+-------+-------+-------+-------++-------
 Fire: Shortbow          |   118 |   216 |   572 |   400 ||  1306
Invok: Bend Time         |       |       |       |     2 ||     2
       Slouch            |       |       |       |     1 ||     1
 Abil: Hop               |       |       |    10 |     8 ||    18
Evoke: Wand              |       |       |     3 |     1 ||     4
  Use: Scroll            |       |       |     9 |    16 ||    25
       Potion            |       |       |       |     6 ||     6
Armor: Ring mail         |    29 |    17 |    66 |    39 ||   151
Dodge: Dodged            |    39 |    30 |   184 |   261 ||   514
       Repelled          |       |       |       |     3 ||     3
Block: Other             |       |       |    24 |    83 ||   107
       Reflection        |       |       |     1 |     2 ||     3
